 Dungeon Crawl Stone Soup version 0.27-a0-46-g34d46f0a3f (webtiles) character file.

Game seed: 6598241552222311486

128 KristoblXynda the Slasher (level 4, -12/40 HPs)
             Began as a Draconian Monk on Jan 6, 2021.
             Killed from afar by an adder (27 damage)
             ... with an exploding inner flame
             ... on level 3 of the Dungeon.
             The game lasted 00:03:09 (2400 turns).

KristoblXynda the Slasher (Draconian Monk)          Turns: 2400, Time: 00:03:10

Health: -12/40     AC:  8    Str: 13    XL:     4   Next: 87%
Magic:  4/4        EV: 13    Int: 11    God:
Gold:   143        SH:  0    Dex: 14    Spells: 3/3 levels left

rFire    . . .     SeeInvis .   a - +0 falchion
rCold    . . .     Faith    .   (no shield)
rNeg     . . .     Spirit   .   (armour unavailable)
rPois    .         Reflect  .   (helmet restricted)
rElec    .         Harm     .   (no cloak)
rCorr    .         Rampage  .   (no gloves)
Will     .....                  b - +2 pair of boots {run}
Stlth    ++........             (no amulet)
HPRegen  0.13/turn              (no ring)
MPRegen  0.09/turn              (no ring)

@: flying, quick
A: unfitting armour, cold-blooded, AC +5
a: no special abilities


You were on level 3 of the Dungeon.
You visited 1 branch of the dungeon, and saw 3 of its levels.

You collected 143 gold pieces.

Inventory:

Hand Weapons
 a - a +0 falchion (weapon)
Armour
 b - a +2 pair of boots of running (worn)
Scrolls
 c - a scroll of enchant weapon {unknown}
 f - a scroll of fear {unknown}
 g - a scroll of teleportation
Potions
 d - a potion of heal wounds
 e - a potion of attraction {unknown}


   Skills:
 + Level 4.1 Fighting
 * Level 4.5 Long Blades
 + Level 3.4 Dodging
 - Level 1.7 Stealth


You had 3 spell levels left.
You didn't know any spells.
Your spell library was empty.

Dungeon Overview and Level Annotations

Branches:
Dungeon (3/15)

Altars:
Kikubaaqudgha

Annotations:
D:3 Grinder, Robin


Innate Abilities, Weirdness & Mutations

Your plain brown scales are hard. (AC +5)
You cannot fit into any form of body armour.
You are cold-blooded and may be slowed by cold attacks.


Message History

The adder is heavily wounded.
It was a potion of flight.
You feel very buoyant.
You fly up into the air.
The adder bites you but does no damage.
As you read the scroll labelled DENUDEOF NIDEB, it crumbles to dust.
The creatures around you are filled with an inner flame!
It was a scroll of immolation.
The adder bites you but does no damage. The adder completely misses you.
You riposte.
You closely miss the adder.
Flame seeps out of the adder.
You tail-slap the adder.
The adder is severely wounded.
Unknown command.
As you read the scroll labelled SURPHYN NOTED, it crumbles to dust.
It is a scroll of identify.
d - a potion of heal wounds The adder is engulfed in blazing flames.
The adder explodes!
The fiery explosion engulfs the hobgoblin!!
The fiery explosion engulfs you!!
Ouch! That really hurt!
You die...

.... ##..#......#
.....##.........#
......Kg5#......#
.....#gg#g.....#
.... #og..o.S....
.. #go.........
#§#.w......#
#○#.........
#@#........
#.#...... #.#
..... #.# ....
#.# ..# ... ..#


You could see Grinder (inner flame), 2 orcs, a hobgoblin (inner flame), 4
goblins and a kobold (inner flame).

Vanquished Creatures
  Jessica (D:2)
  Terence (D:2)
  An adder (D:3)
  An ooze (D:2)
  An adder skeleton (D:2)
  2 worms (D:2)
  2 dart slugs (D:1)
  4 leopard geckos
  A giant cockroach (D:1)
  5 goblins
  4 hobgoblins
  9 jackals
  9 kobolds
  3 ball pythons
  4 bats (D:1)
  3 frilled lizards
  4 rats
55 creatures vanquished.

Notes
Turn   | Place    | Note
-------+----------+-------------------------------------------
     0 | D:1      | KristoblXynda the Draconian Monk began the quest for the
                  | Orb.
     0 | D:1      | Reached XP level 1. HP: 19/19 MP: 1/1
    36 | D:1      | Identified a +2 pair of boots of running (You found it on
                  | level 1 of the Dungeon)
   185 | D:1      | Reached XP level 2. HP: 19/26 MP: 2/2
   587 | D:1      | Reached XP level 3. HP: 17/33 MP: 3/3
  1107 | D:2      | Noticed Jessica
  1114 | D:2      | Killed Jessica
  1297 | D:2      | Found an ancient bone altar of Kikubaaqudgha.
  1299 | D:2      | Reached XP level 4. HP: 40/40 MP: 4/4
  1323 | D:2      | Noticed Terence
  1356 | D:2      | Killed Terence
  2368 | D:3      | Noticed Robin
  2372 | D:3      | Noticed Grinder
  2400 | D:3      | Killed from afar by an adder

Illustrated notes

Levels and vault maps discovered:
D:1:      lightli_iron_boxes, layout_basic, dk_noncrumbling_2
D:2:      layout_loops_corners, kiku_gazebo_pond_becter, uniq_jessica,
          uniq_terence
D:3:      layout_rooms, gup_sewer_entry_bowl, okawaru_ov_weapons_minmay,
          uniq_robin, uniq_sigmund, uniq_grinder

Skill      XL: |  1  2  3  4 |
---------------+-------------+-----
Dodging        | 3 |  3.4
Long Blades    | 4 |  4.5
Fighting       | 4 |  4.1
Stealth        | |  1.7

Action                   |  1- 3 |  4- 6 || total
-------------------------+-------+-------++-------
Melee: Falchion          |    78 |    92 ||   170
       Tailslap          |    12 |    16 ||    28
  Use: Scroll            |       |     3 ||     3
       Potion            |       |     2 ||     2
 Stab: Sleeping          |     5 |     2 ||     7
Armor: Skin              |    29 |    36 ||    65
Dodge: Dodged            |    58 |    42 ||   100
       Rpst.: Falchion   |    15 |    10 ||    25

Table legend: (Time is in decaauts)
 A = Elapsed time spent in this place.
 B = Non-inter-level travel time spent in this place.
 C = Inter-level travel time spent in this place.
 D = Time resting spent in this place.
 E = Time spent auto-exploring this place.
 F = Levels seen in this place.
 G = Mean time per level.
                   A        B        C        D        E       F      G
               +--------+--------+--------+--------+--------+-----+--------+
         Total |   2297 |   2250 |     47 |    506 |   1304 |   3 |  765.7 |
       Dungeon |   2297 |   2250 |     47 |    506 |   1304 |   3 |  765.7 |
               +--------+--------+--------+--------+--------+-----+--------+

Top non-repeatable levels by time:
     D:2: 1199 daAuts
     D:1: 1068 daAuts
     D:3: 29 daAuts
